 Dungeon Crawl Stone Soup version 0.28.0-53-g5a82cb258f (webtiles) character file.

Game seed: 14582481809258914011

505 ILmort the Chiller (level 7, -4/51 HPs)
             Began as a Merfolk Ice Elementalist on Aug 13, 2022.
             Was a Follower of Vehumet.
             Slain by Duvessa
             ... wielding a +0 rapier
              (14 damage)
             ... on level 4 of the Dungeon.
             The game lasted 00:26:31 (4797 turns).

ILmort the Chiller (Merfolk Ice Elementalist)       Turns: 4797, Time: 00:26:32

Health: -4/51      AC:  3    Str:  9    XL:     7   Next: 18%
Magic:  4/13       EV: 12    Int: 16    God:    Vehumet [*.....]
Gold:   146        SH:  0    Dex: 14    Spells: 13/14 levels left

rFire   . . .      SeeInvis .   r - +0 trident
rCold   . . .      Faith    .   (no shield)
rNeg    . . .      Spirit   .   a - +0 robe
rPois   .          Reflect  .   (no helmet)
rElec   .          Harm     .   (no cloak)
rCorr   .          Rampage  .   j - +0 pair of gloves
Will    .....                   (no boots)
Stlth   ++........              d - amulet of the acrobat
HPRegen 0.17/turn               (no ring)
MPRegen 0.13/turn               (no ring)

@: no status effects
A: (nimble swimmer 2), mertail
a: Renounce Religion


You were on level 4 of the Dungeon.
You worshipped Vehumet.
Vehumet was aware of your devotion.
You visited 1 branch of the dungeon, and saw 4 of its levels.

You collected 146 gold pieces.

Inventory:

Hand Weapons
 b - a +0 whip
 r - a +0 trident (weapon)
Armour
 a - a +0 robe (worn)
 j - a +0 pair of gloves (worn)
 o - the +0 ring mail of Hud Azav {rC+ Will+ Str-5 SInv}
   (You found it on level 3 of the Dungeon)

   Str:       It affects your strength (-5).
   rC:        It protects you from cold.
   SInv:      It lets you see invisible.
   Will:      It increases your willpower.
 p - a +0 helmet of see invisible
Jewellery
 d - an amulet of the acrobat (around neck)
Wands
 l - a wand of digging (5)
 s - a wand of flame (20)
Scrolls
 e - a scroll of blinking
 f - a scroll of amnesia {unknown}
 h - a scroll of identify {unknown}
 i - a scroll of torment {unknown}
 k - a scroll of brand weapon {unknown}
 m - a scroll of teleportation {unknown}
 n - a scroll of holy word {unknown}
 v - a scroll of immolation {unknown}
 w - a scroll of noise {unknown}
 x - a scroll of summoning {unknown}
Potions
 c - a potion of flight {unknown}
 g - a potion of might {unknown}
 q - a potion of haste {unknown}
 t - a potion of cancellation {unknown}
 u - a potion of heal wounds {unknown}
 z - a potion of ambrosia {unknown}


   Skills:
 + Level 2.8 Fighting
 * Level 5.6 Polearms
 - Level 2.6 Dodging
 - Level 2.1 Stealth
 - Level 4.0 Spellcasting
 - Level 6.0 Ice Magic


You had 13 spell levels left.
You knew the following spells:

 Your Spells              Type           Power      Damage    Failure   Level
a - Freeze                Ice            88%        1d10      1%          1

Your spell library contained the following spells:

 Spells                   Type           Power      Damage    Failure   Level
 Sandblast                Erth           6%         2d5       17%         1
 Frozen Ramparts          Ice            44%        1d6       4%          3
 Ozocubu's Armour         Ice            22%        N/A       4%          3
 Sublimation of Blood     Necr           3%         N/A       26%         2
 Wereblood                Tmut           3%         N/A       26%         2
 Hailstorm                Conj/Ice       12%        3d5       43%         4
 Summon Hydra             Summ           1%         N/A       100%        7


Dungeon Overview and Level Annotations

Branches:
Dungeon (4/15)
 Temple: D:4-7

Altars:
Gozag
Ru
Vehumet

Annotations:
D:4 Ghost, br$sis, 1 exclusion, Duvessa


Innate Abilities, Weirdness & Mutations

((You are very nimble when in or above water. (Stealth+, EV+, Speed+++)))
Your lower body shifts to a powerful aquatic tail in water.


Message History

Aiming: Freeze (safe; 1% risk of failure)
Aim: Dowan, wielding a +0 dagger and wearing a +1 robe of fire resistance (severely wounded)
You freeze Dowan. Dowan hits you with a +0 dagger.
Casting: Freeze (safe; 1% risk of failure)
Aiming: Freeze (safe; 1% risk of failure)
Aim: Dowan, wielding a +0 dagger and wearing a +1 robe of fire resistance (almost dead)
You freeze Dowan.
You kill Dowan!
Vehumet accepts your kill.
You feel your power returning.
Duvessa screams in rage.
Duvessa goes berserk!
Casting: Freeze (safe; 1% risk of failure)
Aiming: Freeze (safe; 1% risk of failure)
Aim: Duvessa, wielding a +0 rapier and wearing a +0 leather armour (berserk)
You freeze Duvessa! Duvessa closely misses you. Duvessa barely misses you.
Casting: Freeze (safe; 1% risk of failure)
Aiming: Freeze (safe; 1% risk of failure)
Aim: Duvessa, wielding a +0 rapier and wearing a +0 leather armour (lightly wounded, berserk)
You freeze Duvessa. Duvessa hits you with a +0 rapier!
Casting: Freeze (safe; 1% risk of failure)
Aiming: Freeze (safe; 1% risk of failure)
Aim: Duvessa, wielding a +0 rapier and wearing a +0 leather armour (lightly wounded, berserk)
You freeze Duvessa! Duvessa hits you with a +0 rapier!
Duvessa hits you but does no damage.
Casting: Freeze (safe; 1% risk of failure)
Aiming: Freeze (safe; 1% risk of failure)
Aim: Duvessa, wielding a +0 rapier and wearing a +0 leather armour (moderately wounded, berserk)
You freeze Duvessa. Duvessa hits you with a +0 rapier!
Casting: Freeze (safe; 1% risk of failure)
Aiming: Freeze (safe; 1% risk of failure)
Aim: Duvessa, wielding a +0 rapier and wearing a +0 leather armour (moderately wounded, berserk)
You freeze Duvessa. Duvessa hits you with a +0 rapier!
* * * LOW HITPOINT WARNING * * *
Duvessa completely misses you.
Casting: Freeze (safe; 1% risk of failure)
Aiming: Freeze (safe; 1% risk of failure)
Aim: Duvessa, wielding a +0 rapier and wearing a +0 leather armour (moderately wounded, berserk)
You freeze Duvessa. Duvessa hits you with a +0 rapier!
You die...

......#.........##
......#..........#
.._...#..........#
......#..#.......###
......#..#.........#
......#.##.........#######
##.####.................>#
........###....#...#.###.#
.##.##### #....#@..#.# #)#
....# #....#e..#.# #.#
##.## ######...#.#
#.######## ##.# ##..#.#
#........) ...# ##.#.#
########## .### #........
.# ###########..##### .#
#.............# .#
#...............


You could see Duvessa (berserk).

Vanquished Creatures
  The ghost of kalagan the Conjurer, a novice DECj (D:4)
  Dowan (D:4)
  Natasha (thrice) (D:2)
  An orc wizard (D:4)
  Robin (D:3)
  3 adders (D:2)
  An adder skeleton (D:4)
  A dart slug (D:2)
  11 orcs
  6 bats
  6 endoplasms
  2 giant cockroaches
  8 hobgoblins
  6 jackals (D:1)
  2 quokkas
  5 ball pythons
  2 frilled lizards (D:1)
  15 goblins
  4 kobolds
  6 rats
85 creatures vanquished.

Notes
Turn   | Place    | Note
-------+----------+-------------------------------------------
     0 | D:1      | ILmort the Merfolk Ice Elementalist began the quest for the
                  | Orb.
     0 | D:1      | Reached XP level 1. HP: 13/13 MP: 3/3
   306 | D:1      | Reached XP level 2. HP: 17/19 MP: 0/5
   986 | D:1      | Reached XP level 3. HP: 16/24 MP: 0/6
  1335 | D:2      | Found an opulent altar of Gozag.
  1347 | D:2      | Reached skill level 5 in Ice Magic
  1829 | D:2      | Noticed Natasha
  1833 | D:2      | Killed Natasha
  1834 | D:2      | Reached XP level 4. HP: 23/30 MP: 4/8
  2003 | D:2      | You fall into a shaft and drop 2 floors!
  2003 | D:4      | Found a radiant altar of Vehumet.
  2012 | D:4      | Became a worshipper of Vehumet
  2430 | D:4      | Noticed Duvessa
  2430 | D:4      | Noticed Dowan
  2468 | D:4      | Found a sacrificial altar of Ru.
  2548 | D:4      | Noticed kalagan's ghost (novice DECj)
  2552 | D:4      | Found a runed translucent door.
  2653 | D:3      | Identified the +0 ring mail of Hud Azav {rC+ Will+ Str-5
                  | SInv}
  2765 | D:3      | Noticed Robin
  2898 | D:3      | Killed Robin
  2899 | D:3      | Reached XP level 5. HP: 35/35 MP: 7/10
  3028 | D:2      | Noticed Natasha
  3047 | D:2      | Killed Natasha
  3148 | D:2      | Reached skill level 6 in Ice Magic
  3263 | D:2      | Noticed Natasha
  3271 | D:2      | Killed Natasha
  3481 | D:3      | Reached * piety under Vehumet
  3481 | D:3      | Offered knowledge of Sandblast by Vehumet.
  3482 | D:3      | Reached skill level 1 in Polearms
  4071 | D:4      | Reached skill level 1 in Fighting
  4071 | D:4      | Reached XP level 6. HP: 36/43 MP: 3/12
  4583 | D:4      | Killed kalagan's ghost
  4584 | D:4      | Reached skill level 5 in Polearms
  4584 | D:4      | Reached XP level 7. HP: 26/51 MP: 4/13
  4791 | D:4      | Killed Dowan
  4797 | D:4      | Slain by Duvessa

Illustrated notes

Levels and vault maps discovered:
D:1:      nzn_arrival_crosshair, layout_rooms, minmay_statues_item
D:2:      layout_rooms, basic_altar, kennysheep_small_spiral,
          minmay_splitting_lines, nicolae_figureground_pulse, uniq_natasha
D:3:      layout_loops_ring, uniq_robin
D:4:      layout_basic, lemuel_tele_altar, nicolae_ru_awakened_eye,
          hellmonk_ghost_happy_afterlife, uniq_duvessa

Skill      XL: |  1  2  3  4  5  6 |
---------------+-------------------+-----
Ice Magic      | 5 6 |  6.0
Spellcasting   | 3 4 |  4.0
Polearms       | 2 5 |  5.6
Fighting       | 1 2 |  2.8
Dodging        | |  2.6
Stealth        | |  2.1

Action                   |  1- 3 |  4- 6 |  7- 9 || total
-------------------------+-------+-------+-------++-------
Melee: Unarmed           |    11 |       |       ||    11
       Whip              |    27 |    16 |       ||    43
       Trident           |       |    31 |       ||    31
 Cast: Freeze            |    46 |    87 |    11 ||   144
  Use: Scroll            |     3 |     1 |       ||     4
 Stab: Sleeping          |     1 |     4 |       ||     5
       Distracted        |       |     1 |       ||     1
Armor: Robe              |     8 |    17 |     1 ||    26
Dodge: Dodged            |    49 |    54 |     4 ||   107
